 Dungeon Crawl Stone Soup version 0.18.1-8-gdd0e5ea (webtiles) character file.

27 M4edhros the Grave Robber (level 3, -5/21 HPs)
             Began as an Octopode Necromancer on May 23, 2016.
             Killed by divine providence
             ... invoked by an orc priest
              (8 damage)
             ... on level 4 of the Dungeon.
             The game lasted 00:03:04 (636 turns).

M4edhros the Grave Robber (Octopode Necromancer)     Turns: 636, Time: 00:03:04

Health: -5/21      AC:  1    Str:  7    XL:     3   Next: 10%
Magic:  6/6        EV: 12    Int: 17    God:
Gold:   90         SH:  0    Dex: 13    Spells: 3 memorised, 1 level left

rFire  + . .     SeeInvis .       - Unarmed
rCold  + . .     Gourm    .     (no shield)
rNeg   . . .     Faith    .     (helmet restricted)
rPois  +         Spirit   .     (no amulet)
rElec  +         Dismiss  .     k - ring of sustain attributes
rCorr  +         Reflect  .     (no ring)
SustAt +         Harm     .     (no ring)
MR     .....                    (no ring)
Stlth  +++.......               (no ring)
                                (no ring)
                                (no ring)
                                (no ring)

@: resistant, regenerating (expiring), not resistant to hostile enchantments,
fairly stealthy
A: almost no armour, amphibious, 8 rings, constrict 8, camouflage 1, gelatinous
body 1
a: no special abilities


You were on level 4 of the Dungeon.
You were not hungry.

You visited 1 branch of the dungeon, and saw 4 of its levels.

You collected 90 gold pieces.

Inventory:

Jewellery
 k - a ring of sustain attributes (left tentacle)
Scrolls
 c - 2 scrolls of fear {unknown}
 d - a scroll of identify {unknown}
 i - a scroll of enchant armour {unknown}
 j - a scroll of enchant weapon {unknown}
Books
 a - a book of Necromancy

   Spells                             Type                      Level
   a - Pain                           Necromancy                   1
   b - Animate Skeleton               Necromancy                   1
   c - Vampiric Draining              Necromancy                   3
   d - Regeneration                   Charms/Necromancy            3
   e - Animate Dead                   Necromancy                   4
   f - Control Undead                 Necromancy                   4
Comestibles
 b - 3 bread rations
 f - a royal jelly
 g - a slice of pizza


   Skills:
 - Level 2.0 Dodging
 - Level 2.6 Stealth
 + Level 2.6 Unarmed Combat
 - Level 2.0 Spellcasting
 - Level 4.0 Necromancy


You had one spell level left.
You knew the following spells:

 Your Spells              Type           Power        Failure   Level  Hunger
a - Pain                  Necr           ###.         3%          1    #......
b - Animate Skeleton      Necr           N/A          3%          1    #......
r - Regeneration          Chrm/Necr      #.........   24%         3    ###....


Dungeon Overview and Level Annotations

Branches:
Dungeon (4/15)
 Temple: D:4-7

Altars:


Innate Abilities, Weirdness & Mutations

You cannot wear most types of armour.
You are amphibious.
You can wear up to eight rings at the same time.
You can use your tentacles to constrict eight enemies at once.
Your skin changes colour to match your surroundings (Stealth).
Your rubbery body absorbs attacks (AC +1).


Message History

You tentacle-slap the orc priest. Your grab misses the orc priest.
You squeeze the orc priest, but do no damage.
The orc priest is heavily wounded.
The orc priest invokes the aid of Beogh against you.
Beogh smites you!
Ouch! That really hurt!
You tentacle-slap the orc priest. Your grab misses the orc priest.
The orc priest is heavily wounded.
The orc priest invokes the aid of Beogh against you.
Pain shoots through your body!
* * * LOW HITPOINT WARNING * * *
Drink which item? (? for menu, Esc to quit)
It was a potion of magic.
Magic courses through your body. The orc priest barely misses you.
Drink which item? (? for menu, Esc to quit)
It was a potion of resistance.
You feel protected.
The orc priest calls down the wrath of Beogh upon you.
Beogh smites you!
You die...

.#.)#####.## #.#
...........# #.#
##...###...# #.#
#..## #...# #.#
#... ....# #.#
##.# #.#.# #.#
... #.#.# #.#
#..
##.#.######o# #.
#.........@.#
.##..#.######.#
?..............#
......##########
..##.# #. #


You could see an orc priest.

Vanquished Creatures
  A giant gecko (D:2)
  2 orcs (D:4)
  A giant cockroach (D:2)
  4 goblins
  A hobgoblin (D:2)
  4 jackals (D:2)
  4 kobolds
  2 giant newts (D:2)
  2 rats
21 creatures vanquished.

Notes
Turn   | Place    | Note
--------------------------------------------------------------
     0 | D:1      | M4edhros the Octopode Necromancer began the quest for the Orb.
     0 | D:1      | Reached XP level 1. HP: 11/11 MP: 3/3
   132 | D:2      | Reached skill level 1 in Unarmed Combat
   161 | D:2      | Reached XP level 2. HP: 8/17 MP: 1/5
   385 | D:3      | Learned a level 1 spell: Animate Skeleton
   569 | D:4      | Reached XP level 3. HP: 15/21 MP: 6/6
   576 | D:4      | Learned a level 3 spell: Regeneration
   634 | D:4      | HP: 1/21 [orc priest/nerve-wracking pain (9)]
   636 | D:4      | Killed from afar by an orc priest

Skill      XL: |  1  2 |
---------------+-------+-----
Unarmed Combat | 1 2 |  2.6
Dodging        | |  2.0
Stealth        | |  2.6
Spellcasting   | |  2.0
Necromancy     | |  4.0

Action                   || total
-------------------------++-------
Melee: Unarmed           ||    31
       Constrict         ||     3
       Tentacles         ||     3
 Cast: Pain              ||    20
       Animate Skeleton  ||     1
       Regeneration      ||     3
  Use: Potion            ||     4
 Stab: Invisible         ||     1
       Sleeping          ||     1
Armor: Skin              ||    12
Dodge: Dodged            ||     8
